 Dungeon Crawl Stone Soup version 0.21-a0-426-g98080a9 (webtiles) character file.

121 kae the Firebug (level 5, 0/28 HPs)
             Began as a Tengu Fire Elementalist on Nov 7, 2017.
             Was an Initiate of Vehumet.
             Slain by Grinder (5 damage)
             ... while paralysed by Grinder
             ... on level 3 of the Dungeon.
             The game lasted 00:03:04 (2976 turns).

kae the Firebug (Tengu Fire Elementalist)           Turns: 2976, Time: 00:03:05

Health: 0/28       AC:  2    Str: 13    XL:     5   Next: 5%
Magic:  1/10       EV:  2    Int: 16    God:    Vehumet [......]
Gold:   187        SH:  0    Dex: 14    Spells: 4/10 levels left

rFire    . . .     SeeInvis .   i - +0 club
rCold    . . .     Gourm    .   (no shield)
rNeg     . . .     Faith    .   a - +0 robe
rPois    .         Spirit   .   (helmet restricted)
rElec    .         Reflect  .   (no cloak)
rCorr    .         Harm     .   (no gloves)
MR       .....                  (boots unavailable)
Stlth    ++........             h - amulet of rage
HPRegen  0.09/turn              p - +2 ring of strength
MPRegen  0.12/turn              k - +2 ring of strength

@: paralysed
A: beak, talons 3, able to fly 1
a: Fly, Renounce Religion, Evoke Berserk Rage


You were on level 3 of the Dungeon.
You worshipped Vehumet.
Vehumet was noncommittal.
You were not hungry.

You visited 1 branch of the dungeon, and saw 3 of its levels.

You collected 187 gold pieces.

Inventory:

Hand Weapons
 i - a +0 club (weapon)
Armour
 a - a +0 robe (worn)
Jewellery
 h - an amulet of rage (around neck)
 k - a +2 ring of strength (right hand)
 o - an uncursed ring of protection from fire
 p - a +2 ring of strength (left hand)
Scrolls
 m - a scroll of immolation {unknown}
 r - a scroll of recharging {unknown}
 s - 2 scrolls of fog
 t - a scroll of enchant weapon {unknown}
Potions
 e - 4 potions of resistance
 j - a potion of haste {unknown}
 l - 2 potions of mutation
 n - a potion of agility
Books
 b - a book of Flames

   Spells                             Type                      Level
   a - Flame Tongue                   Conjuration/Fire             1
   b - Throw Flame                    Conjuration/Fire             2
   c - Conjure Flame                  Conjuration/Fire             3
   d - Inner Flame                    Hexes/Fire                   3
   e - Sticky Flame                   Conjuration/Fire             4
   f - Fireball                       Conjuration/Fire             5
Comestibles
 c - 4 bread rations
 d - 7 fruits
 f - 3 meat rations
 q - a royal jelly


   Skills:
 - Level 2.1 Dodging
 - Level 2.0 Stealth
 + Level 3.1 Spellcasting
 + Level 3.6 Conjurations
 + Level 4.4 Fire Magic


You had 4 spell levels left.
You knew the following spells:

 Your Spells              Type           Power        Failure   Level  Hunger
a - Flame Tongue          Conj/Fire      ###..        3%          1    None
b - Throw Flame           Conj/Fire      ###...       5%          2    ##.....
c - Conjure Flame         Conj/Fire      ###.....     11%         3    ###....


Dungeon Overview and Level Annotations

Branches:
Dungeon (3/15)

Altars:
Fedhas
Hepliaklqana
Nemelex Xobeh
Sif Muna
Uskayaw
Vehumet

Annotations:
D:3 1 runed door, Grinder


Innate Abilities, Weirdness & Mutations

You have a beak for a mouth.
You have claws for feet.
You can fly.


Message History

Confirm with . or Enter, or press ? or * to list all spells.
You don't have enough magic to cast that spell.
You closely miss Grinder. Your peck misses Grinder.
Grinder is heavily wounded.
Grinder gestures at you. Pain shoots through your body!
* * * LOW HITPOINT WARNING * * *
You feel better. Grinder gestures at you.
You suddenly lose the ability to move!
Grinder gestures at you. You resist with significant effort.
Grinder says, "FISH!"
Grinder hits you!
* * * LOW HITPOINT WARNING * * *
You writhe in agony.
* * * LOW HITPOINT WARNING * * *
Grinder barely misses you. Grinder hits you.
You die...

##(........##.>............
#...................#.....
#####.........###.......####..
#.............##........# #.#
##.###...................####..
###..###.....#...............###.
.##...#.............###..........
.....................##.#..#.....
................@....##.##.......
................5....##.##.#.....
.....................##.##.#.....
........................##.......
.##...#...^.........##...###.....
########.....#..).).##.#.......#.
######.)##...##.#####.....
##.########.# ##.### *#..# #.#
##.#


You could see Grinder.

Vanquished Creatures
  An orc wizard (D:3)
  An adder (D:2)
  An ooze (D:1)
  3 worms (D:2)
  A dart slug (D:1)
  4 leopard geckos
  4 orcs (D:3)
  2 ball pythons (D:1)
  10 bats
  3 giant cockroaches
  10 goblins
  6 hobgoblins
  2 frilled lizards (D:2)
  6 kobolds
  7 rats (D:1)
61 creatures vanquished.

Notes
Turn   | Place    | Note
-------+----------+-------------------------------------------
     0 | D:1      | kae the Tengu Fire Elementalist began the quest for the Orb.
     0 | D:1      | Reached XP level 1. HP: 10/10 MP: 4/4
   276 | D:1      | Reached XP level 2. HP: 15/15 MP: 3/6
   694 | D:1      | Reached XP level 3. HP: 19/19 MP: 7/7
   755 | D:1      | Learned a level 2 spell: Throw Flame
   759 | D:1      | Learned a level 3 spell: Conjure Flame
  1464 | D:2      | Reached skill level 4 in Fire Magic
  1718 | D:2      | Found a radiant altar of Vehumet.
  1740 | D:2      | Became a worshipper of Vehumet
  1746 | D:2      | Reached XP level 4. HP: 20/24 MP: 5/9
  2342 | D:2      | Found a deep blue altar of Sif Muna.
  2572 | D:3      | Found a hide-covered altar of Uskayaw.
  2573 | D:3      | Found a hazy altar of Hepliaklqana.
  2573 | D:3      | Found a blossoming altar of Fedhas.
  2573 | D:3      | Found a sparkling altar of Nemelex Xobeh.
  2725 | D:3      | Found a runed door.
  2933 | D:3      | Noticed Grinder
  2955 | D:3      | Gained mutation: You can fly. [Tengu growth]
  2955 | D:3      | Reached XP level 5. HP: 18/28 MP: 0/10
  2967 | D:3      | Paralysed by Grinder for 2 turns
  2972 | D:3      | Paralysed by Grinder for 6 turns
  2976 | D:3      | Slain by Grinder

Vault maps used:
D:1:      onia_arrival_larder
D:2:      lemuel_coloured_pillars_altar, vehumet_crystals
D:3:      grunt_temple_overflow_open, roderic_st_hans_cross,
          kennysheep_flooded_box, uniq_grinder, uniq_crazy_yiuf_cottage

Skill      XL: |  1  2  3  4 |
---------------+-------------+-----
Conjurations   | 2 3 |  3.6
Fire Magic     | 4 |  4.4
Spellcasting   | 3 |  3.1
Dodging        | |  2.1
Stealth        | |  2.0

Action                   |  1- 3 |  4- 6 || total
-------------------------+-------+-------++-------
Melee: Unarmed           |    36 |       ||    36
       Kick              |    29 |     9 ||    38
       Peck              |    14 |     1 ||    15
       Club              |    59 |    26 ||    85
 Cast: Flame Tongue      |    16 |    21 ||    37
  Use: Scroll            |     4 |     3 ||     7
       Potion            |       |     1 ||     1
 Stab: Sleeping          |     4 |       ||     4
  Eat: Chunk             |     2 |     5 ||     7
Armor: Robe              |    26 |     8 ||    34
Dodge: Dodged            |    64 |    23 ||    87

Table legend:
 A = Spawn XP
 B = Non-spawn XP
 C = Spawn XP percentage of total XP
 D = Spawn monster count
 E = Non-spawn monster count
 F = Spawn count percentage of total count
 G = Total turns spent on level
                    A         B        C        D         E        F      G
               +---------+---------+-------+---------+---------+-------+---------
         Total |       0 |     173 |   0.0 |       0 |      61 |   0.0 |  2976
               +---------+---------+-------+---------+---------+-------+---------
           D:1 |       0 |      50 |   0.0 |       0 |      28 |   0.0 |  1170
           D:2 |       0 |      66 |   0.0 |       0 |      26 |   0.0 |  1322
           D:3 |       0 |      57 |   0.0 |       0 |       7 |   0.0 |   484
               +---------+---------+-------+---------+---------+-------+---------
